ITL
ALLENTOWN HILLBILLIES @ RICHMOND FLAIRS
09/16/2028
 
TOP OF THE 1ST
Allentown Hillbillies batting - Pitching for Richmond Flairs : RHP Jack Walker
Pitching: RHP Jack Walker
Batting: RHB António Yánez 0-0: Called Strike
0-1: Called Strike
0-2: Ball
1-2: Foul Ball, location: 2F
1-2: Foul Ball, location: 2F
1-2: Strikes out swinging
Batting: RHB José Ortega 0-0: Ball
1-0: Called Strike
1-1: Called Strike
1-2: Fly out, F9 (Flyball, 9LS)
Batting: LHB Rafael Flores 0-0: Ball
1-0: Swinging Strike
1-1: Ball
2-1: Ball
3-1: Foul Ball, location: 2F
3-2: SINGLE (Groundball, 4MD)
Batting: RHB Millard Stark 0-0: Ball
1-0: Foul Ball, location: 2F
1-1: Ball
2-1: Ball
3-1: Base on Balls
Rafael Flores to second
Batting: RHB Von Ford 0-0: Ball
1-0: Foul Ball, location: 2F
1-1: Fielders Choice at 2nd, 4-6 (Groundball, 4)
Top of the 1st over - 0 run(s), 1 hit(s), 0 error(s), 1 left on base; Allentown 0 - Richmond 0
BOTTOM OF THE 1ST
Richmond Flairs batting - Pitching for Allentown Hillbillies : RHP Okura Oike
Pitching: RHP Okura Oike
Batting: RHB Mario López 0-0: Ball
1-0: Ball
2-0: Ball
3-0: Called Strike
3-1: Called Strike
3-2: Foul Ball, location: 2F
3-2: Base on Balls
Batting: LHB Dave Gray 0-0: Ball
1-0: Ground out U3 (Groundball, 34S)
Mario López to second
Batting: LHB Roland Jones 0-0: Called Strike
0-1: Foul Ball, location: 2F
0-2: Foul Ball, location: 2F
0-2: Ball
1-2: Fly out, F7 (Flyball, 7)
Batting: RHB Elliott Johnston 0-0: Foul Ball, location: 2F
0-1: Ball
1-1: Ball
2-1: Foul Ball, location: 2F
2-2: Strikes out looking
Bottom of the 1st over - 0 run(s), 0 hit(s), 0 error(s), 1 left on base; Allentown 0 - Richmond 0
TOP OF THE 2ND
Allentown Hillbillies batting - Pitching for Richmond Flairs : RHP Jack Walker
Batting: RHB Diego Rivera 0-0: Called Strike
0-1: Ball
1-1: Foul Ball, location: 2F
1-2: Strikes out swinging
Batting: RHB Dan Banks 0-0: Ball
1-0: Ball
2-0: Ball
3-0: Called Strike
3-1: Swinging Strike
3-2: DOUBLE (Line Drive, 89XD)
Batting: RHB Germano Labrego 0-0: Called Strike
0-1: Ball
1-1: Foul Ball, location: 2F
1-2: Ball
2-2: Ball
3-2: Strikes out swinging
Batting: RHB Carl Brown 0-0: Ball
1-0: Called Strike
1-1: Swinging Strike
1-2: Ball
2-2: 2-RUN HOME RUN (Flyball, 78XD), Distance : 398 ft
Batting: RHB António Yánez 0-0: Swinging Strike
0-1: Foul Ball, location: 2F
0-2: Ball
1-2: Ball
2-2: Foul Ball, location: 2F
2-2: Foul Ball, location: 2F
2-2: Foul Ball, location: 2F
2-2: Ground out 4-3 (Groundball, 4)
Top of the 2nd over - 2 run(s), 2 hit(s), 0 error(s), 0 left on base; Allentown 2 - Richmond 0
BOTTOM OF THE 2ND
Richmond Flairs batting - Pitching for Allentown Hillbillies : RHP Okura Oike
Batting: RHB Hollis Wood 0-0: Called Strike
0-1: SOLO HOME RUN (Flyball, 78XD), Distance : 385 ft
Batting: SHB António Enríquez 0-0: Ball
1-0: SINGLE (Line Drive, 4MD)
Batting: RHB Freddy Padilla 0-0: Swinging Strike
0-1: Ball
1-1: Foul Ball, location: 2F
1-2: Ball
2-2: Foul Ball, location: 2F
2-2: SINGLE (Line Drive, 78M)
António Enríquez to second
Batting: RHB Gary Thomas 0-0: Ball
1-0: Swinging Strike
1-1: Ball
2-1: Ball
3-1: Base on Balls
António Enríquez to third
Freddy Padilla to second
Batting: SHB Adrián Miranda 0-0: Ball
1-0: Called Strike
1-1: Ball
2-1: SINGLE (Groundball, 34D)
António Enríquez scores
Freddy Padilla to third
Gary Thomas to second
Runner from 3rd tries for Home, SAFE, throw made home
Batting: RHB Mario López 0-0: Fielders Choice at 2nd, 5-4 (Groundball, 56)
Gary Thomas to third
Batting: LHB Dave Gray 0-0: Ball
1-0: Ball
2-0: Ball
3-0: Base on Balls
Mario López to second
Batting: LHB Roland Jones 0-0: Ball
1-0: Called Strike
1-1: Fielders Choice at 2nd, 6-4 (Groundball, 6)
Gary Thomas scores
Mario López to third
Batting: RHB Elliott Johnston 0-0: Ball
1-0: Swinging Strike
1-1: Ball
2-1: Ball
3-1: Called Strike
3-2: Strikes out swinging
Bottom of the 2nd over - 4 run(s), 4 hit(s), 0 error(s), 2 left on base; Allentown 2 - Richmond 4
TOP OF THE 3RD
Allentown Hillbillies batting - Pitching for Richmond Flairs : RHP Jack Walker
Batting: RHB José Ortega 0-0: Called Strike
0-1: Called Strike
0-2: Strikes out swinging
Batting: LHB Rafael Flores 0-0: Ball
1-0: SINGLE (Groundball, 4MD)
Batting: RHB Millard Stark 0-0: Ball
Rafael Flores steals 2nd base
1-0: Called Strike
1-1: Called Strike
1-2: Ball
2-2: Strikes out swinging
Batting: RHB Von Ford 0-0: Ball
1-0: Foul Ball, location: 2F
1-1: Foul Ball, location: 2F
1-2: Strikes out swinging
Top of the 3rd over - 0 run(s), 1 hit(s), 0 error(s), 1 left on base; Allentown 2 - Richmond 4
BOTTOM OF THE 3RD
Richmond Flairs batting - Pitching for Allentown Hillbillies : RHP Okura Oike
Batting: RHB Hollis Wood 0-0: Ball
1-0: Ball
2-0: Foul Ball, location: 2F
2-1: Foul Ball, location: 2F
2-2: SINGLE (Groundball, 56D)
Batting: SHB António Enríquez 0-0: Ball
Wild Pitch!
Hollis Wood to second
1-0: Ball
2-0: Foul Ball, location: 2F
2-1: Ball
3-1: Base on Balls
Batting: RHB Freddy Padilla 0-0: Foul Ball, location: 2F
0-1: Foul Ball, location: 2F
0-2: Foul Ball, location: 2F
0-2: Ball
1-2: Foul Ball, location: 2F
1-2: Ball
2-2: Fly out, F9 (Flyball, 9)
Batting: RHB Gary Thomas 0-0: Fly out, F8 (Flyball, 8RD)
Runner from 2nd tags up, SAFE at 3rd, no throw
Batting: SHB Adrián Miranda 0-0: Ball
1-0: Called Strike
1-1: Ball
2-1: Foul Ball, location: 2F
2-2: Ball
3-2: Foul Ball, location: 2F
3-2: Ground out 4-3 (Groundball, 4)
Bottom of the 3rd over - 0 run(s), 1 hit(s), 0 error(s), 2 left on base; Allentown 2 - Richmond 4
TOP OF THE 4TH
Allentown Hillbillies batting - Pitching for Richmond Flairs : RHP Jack Walker
Batting: RHB Diego Rivera 0-0: Called Strike
0-1: Ball
1-1: Hit by Pitch
Batting: RHB Dan Banks 0-0: Ball
1-0: Ball
2-0: Ball
3-0: Base on Balls
Diego Rivera to second
Batting: RHB Germano Labrego 0-0: Called Strike
0-1: Ball
1-1: Ball
2-1: Foul Ball, location: 2F
2-2: Strikes out swinging
Batting: RHB Carl Brown 0-0: Ball
Diego Rivera steals 3rd base
Dan Banks to second
1-0: Ball
2-0: Fly out, F9 (Flyball, 9)
Runner from 3rd tags up, SCORES, no throw
Batting: RHB António Yánez 0-0: DOUBLE (Line Drive, 7LD)
Dan Banks scores
Batting: RHB José Ortega 0-0: Ball
1-0: Foul Ball, location: 2F
1-1: Foul Ball, location: 2F
1-2: Ball
2-2: SINGLE (Flyball, 9LM)
António Yánez to third
Runner from 3rd tries for Home, SAFE, no throw
Pitching: RHP Gustavo Ramos
Batting: LHB Rafael Flores 0-0: Swinging Strike
0-1: Fielders Choice at 2nd, 6-4 (Groundball, 6)
Top of the 4th over - 3 run(s), 2 hit(s), 0 error(s), 0 left on base; Allentown 5 - Richmond 4
BOTTOM OF THE 4TH
Richmond Flairs batting - Pitching for Allentown Hillbillies : RHP Okura Oike
Batting: RHB Mario López 0-0: Ball
1-0: Foul Ball, location: 2F
1-1: Swinging Strike
1-2: Ball
2-2: Ball
3-2: Foul Ball, location: 2F
3-2: Strikes out swinging
Batting: LHB Dave Gray 0-0: Ball
1-0: Called Strike
1-1: Called Strike
1-2: DOUBLE (Flyball, 8RD)
Pitching: LHP Alberto Maldonado
Batting: LHB Roland Jones 0-0: Ball
Wild Pitch!
Dave Gray to third
1-0: Called Strike
1-1: Called Strike
1-2: Ball
2-2: Ball
3-2: Foul Ball, location: 2F
3-2: SINGLE (Flyball, 8LS)
Dave Gray scores
Batting: RHB Elliott Johnston 0-0: Ball
1-0: Ball
2-0: SINGLE (Flyball, 7S)
Roland Jones to second
Batting: RHB Hollis Wood 0-0: Ball
1-0: Foul Ball, location: 2F
1-1: Called Strike
1-2: Grounds into double play, 6-4-3 (Groundball, 56)
Bottom of the 4th over - 1 run(s), 3 hit(s), 0 error(s), 1 left on base; Allentown 5 - Richmond 5
TOP OF THE 5TH
Allentown Hillbillies batting - Pitching for Richmond Flairs : RHP Gustavo Ramos
Batting: RHB Millard Stark 0-0: Ball
1-0: Called Strike
1-1: Swinging Strike
1-2: Ground out 5-3 (Groundball, 56)
Batting: RHB Von Ford 0-0: Called Strike
0-1: Ball
1-1: Ball
2-1: Ball
3-1: Base on Balls
Batting: RHB Diego Rivera 0-0: Called Strike
0-1: Ball
1-1: Foul Ball, location: 2F
1-2: Ball
2-2: Strikes out swinging
Batting: RHB Dan Banks 0-0: Called Strike
0-1: Foul Ball, location: 2F
0-2: SINGLE (Line Drive, 4M)
Von Ford to second
Von Ford to third
Batting: RHB Germano Labrego 0-0: Called Strike
0-1: Foul Ball, location: 2F
0-2: Ball
1-2: Ball
2-2: Foul Ball, location: 2F
2-2: Foul Ball, location: 2F
2-2: Strikes out looking
Top of the 5th over - 0 run(s), 1 hit(s), 0 error(s), 2 left on base; Allentown 5 - Richmond 5
BOTTOM OF THE 5TH
Richmond Flairs batting - Pitching for Allentown Hillbillies : LHP Alberto Maldonado
Batting: SHB António Enríquez 0-0: Called Strike
0-1: Foul Ball, location: 2F
0-2: Ball
1-2: Foul Ball, location: 2F
1-2: Ball
2-2: Ball
3-2: Strikes out swinging
Pitching: LHP Dan Rogers
Batting: RHB Freddy Padilla 0-0: Ball
1-0: DOUBLE (Line Drive, 7LM)
Batting: RHB Gary Thomas 0-0: Called Strike
0-1: Called Strike
0-2: Ball
1-2: Ball
2-2: Ground out 4-3 (Groundball, 4)
Freddy Padilla to third
Batting: SHB Adrián Miranda 0-0: Called Strike
0-1: Called Strike
0-2: Strikes out looking
Bottom of the 5th over - 0 run(s), 1 hit(s), 0 error(s), 1 left on base; Allentown 5 - Richmond 5
TOP OF THE 6TH
Allentown Hillbillies batting - Pitching for Richmond Flairs : RHP Gustavo Ramos
Batting: RHB Carl Brown 0-0: Ball
1-0: Foul Ball, location: 2F
1-1: Ball
2-1: Swinging Strike
2-2: Ball
3-2: Strikes out swinging
Batting: RHB António Yánez 0-0: Ball
1-0: Swinging Strike
1-1: Called Strike
1-2: Ball
2-2: Strikes out swinging
Batting: RHB José Ortega 0-0: SOLO HOME RUN (Flyball, 78XD), Distance : 388 ft
Batting: LHB Rafael Flores 0-0: Called Strike
0-1: Ball
1-1: Swinging Strike
1-2: Strikes out swinging
Top of the 6th over - 1 run(s), 1 hit(s), 0 error(s), 0 left on base; Allentown 6 - Richmond 5
BOTTOM OF THE 6TH
Richmond Flairs batting - Pitching for Allentown Hillbillies : LHP Dan Rogers
Batting: RHB Mario López 0-0: Ball
1-0: Foul Ball, location: 2F
1-1: Swinging Strike
1-2: Strikes out looking
Pitching: LHP Alejandro Castillo
Batting: LHB Dave Gray 0-0: Ball
1-0: Swinging Strike
1-1: Swinging Strike
1-2: SINGLE (Line Drive, 89S)
Pitching: LHP Emílio Trevino
Batting: LHB Roland Jones 0-0: Ball
1-0: Ball
2-0: Ball
3-0: Called Strike
3-1: SINGLE (Line Drive, 9LS)
Dave Gray to second
Pitching: RHP Dale Downs
Batting: RHB Elliott Johnston 0-0: Called Strike
0-1: Called Strike
0-2: Ball
1-2: Strikes out swinging
Batting: RHB Hollis Wood 0-0: Swinging Strike
0-1: SINGLE (Line Drive, 89S)
Dave Gray to third
Roland Jones to second
Batting: SHB António Enríquez 0-0: Ball
1-0: Called Strike
1-1: Called Strike
1-2: SINGLE (Line Drive, 56D)
Dave Gray scores
Roland Jones to third
Hollis Wood to second
Runner from 3rd tries for Home, throw and OUT!
Bottom of the 6th over - 1 run(s), 4 hit(s), 0 error(s), 2 left on base; Allentown 6 - Richmond 6
TOP OF THE 7TH
Allentown Hillbillies batting - Pitching for Richmond Flairs : RHP Gustavo Ramos
Batting: RHB Millard Stark 0-0: Called Strike
0-1: Called Strike
0-2: Foul Ball, location: 2F
0-2: Ball
1-2: Foul Ball, location: 2F
1-2: Ground out 6-3 (Groundball, 6)
Batting: RHB Von Ford 0-0: Ball
1-0: SINGLE (Flyball, 89S)
Batting: RHB Diego Rivera 0-0: Ball
Von Ford is caught stealing 2nd base
1-0: Foul Ball, location: 2F
1-1: Ground out 6-3 (Groundball, 6)
Top of the 7th over - 0 run(s), 1 hit(s), 0 error(s), 0 left on base; Allentown 6 - Richmond 6
BOTTOM OF THE 7TH
Richmond Flairs batting - Pitching for Allentown Hillbillies : RHP Dale Downs
Pinch Hitting: LHB Sean Nicks 0-0: Foul Ball, location: 2F
0-1: Ball
1-1: SOLO HOME RUN (Flyball, 8RXD), Distance : 408 ft
Batting: RHB Gary Thomas 0-0: Called Strike
0-1: Ball
1-1: Ball
2-1: Called Strike
2-2: Foul Ball, location: 2F
2-2: Strikes out swinging
Batting: SHB Adrián Miranda 0-0: SINGLE (Line Drive, 8LS)
Batting: RHB Mario López 0-0: Ball
1-0: Swinging Strike
1-1: SINGLE (Groundball, 56D)
Adrián Miranda to second
Batting: LHB Dave Gray 0-0: Ball
1-0: Foul Ball, location: 2F
1-1: Ball
2-1: Ball
3-1: Foul Ball, location: 2F
3-2: Foul Ball, location: 2F
3-2: Base on Balls
Adrián Miranda to third
Mario López to second
Batting: LHB Roland Jones 0-0: Foul Ball, location: 2F
0-1: Swinging Strike
0-2: Ball
1-2: Strikes out looking
Batting: RHB Elliott Johnston 0-0: Called Strike
0-1: Ball
1-1: Called Strike
1-2: Ball
2-2: Foul Ball, location: 2F
2-2: Ball
3-2: Base on Balls
Adrián Miranda scores
Mario López to third
Dave Gray to second
Batting: RHB Hollis Wood 0-0: Foul Ball, location: 2F
0-1: Foul Ball, location: 2F
0-2: Ground out U3 (Groundball, 3)
Bottom of the 7th over - 2 run(s), 3 hit(s), 0 error(s), 3 left on base; Allentown 6 - Richmond 8
TOP OF THE 8TH
Allentown Hillbillies batting - Pitching for Richmond Flairs : RHP Gustavo Ramos
Pitching: RHP Alfonso Rodríguez
Now at 1B: Sean Nicks
Batting: RHB Dan Banks 0-0: Ball
1-0: Ball
2-0: Foul Ball, location: 2F
2-1: Ball
3-1: Base on Balls
Pitching: RHP Frank Martin
Batting: RHB Germano Labrego 0-0: Ball
1-0: 2-RUN HOME RUN (Line Drive, 7D), Distance : 356 ft
Batting: RHB Carl Brown 0-0: Foul Ball, location: 2F
0-1: Foul Ball, location: 2F
0-2: Ball
1-2: Foul Ball, location: 2F
1-2: Foul Ball, location: 2F
1-2: SOLO HOME RUN (Line Drive, 78XD), Distance : 394 ft
Pitching: LHP Salvador Rodríguez
Batting: RHB António Yánez 0-0: Swinging Strike
0-1: Called Strike
0-2: Strikes out swinging
Batting: RHB José Ortega 0-0: Ball
1-0: Called Strike
1-1: Ball
2-1: Ball
3-1: Base on Balls
Pinch Hitting: RHB Albert Lutz 0-0: Ball
1-0: Swinging Strike
1-1: Ball
2-1: Called Strike
2-2: Fly out, F8 (Flyball, 8LM)
Batting: RHB Millard Stark 0-0: Swinging Strike
0-1: Ball
1-1: Swinging Strike
1-2: Foul Ball, location: 2F
1-2: Foul Ball, location: 2F
1-2: Fielders Choice at 2nd, 6-4 (Groundball, 6)
Top of the 8th over - 3 run(s), 2 hit(s), 0 error(s), 0 left on base; Allentown 9 - Richmond 8
BOTTOM OF THE 8TH
Richmond Flairs batting - Pitching for Allentown Hillbillies : RHP Dale Downs
Now at C: Joel Jackson
Now in RF: Albert Lutz
Batting: SHB António Enríquez 0-0: Foul Ball, location: 2F
0-1: Foul Ball, location: 2F
0-2: Foul Ball, location: 2F
0-2: Foul Ball, location: 2F
0-2: Ball
1-2: Foul Ball, location: 2F
1-2: Ball
2-2: Ball
3-2: Foul Ball, location: 2F
3-2: Foul Ball, location: 2F
3-2: Base on Balls
Batting: LHB Sean Nicks 0-0: Ball
1-0: Ball
2-0: Ground out U3 (Groundball, 34S)
António Enríquez to second
Pinch Hitting: RHB Lonson Seals 0-0: Ball
1-0: Ball
2-0: Ball
3-0: Called Strike
3-1: Base on Balls
Batting: SHB Adrián Miranda 0-0: Ball
1-0: Foul Ball, location: 2F
1-1: Ball
2-1: Ball
3-1: Base on Balls
António Enríquez to third
Lonson Seals to second
Batting: RHB Mario López 0-0: Foul Ball, location: 2F
0-1: Ball
1-1: Called Strike
1-2: Ball
2-2: Ball
3-2: Foul Ball, location: 2F
3-2: Base on Balls
António Enríquez scores
Lonson Seals to third
Adrián Miranda to second
Batting: LHB Dave Gray 0-0: Called Strike
0-1: Ball
1-1: Grounds into double play, 3-2-3 (Groundball, 34S)
Bottom of the 8th over - 1 run(s), 0 hit(s), 0 error(s), 2 left on base; Allentown 9 - Richmond 9
TOP OF THE 9TH
Allentown Hillbillies batting - Pitching for Richmond Flairs : LHP Salvador Rodríguez
Now at 2B: Lonson Seals
Pinch Hitting: RHB Bartolo López 0-0: Ball
1-0: Ball
2-0: Fly out, F8 (Line Drive, 89M)
Batting: RHB Diego Rivera 0-0: Ball
1-0: Foul Ball, location: 2F
1-1: Ball
2-1: Foul Ball, location: 2F
2-2: Strikes out looking
Batting: RHB Dan Banks 0-0: Foul Ball, location: 2F
0-1: Ball
1-1: Ball
2-1: Foul Ball, location: 2F
2-2: Strikes out looking
Top of the 9th over - 0 run(s), 0 hit(s), 0 error(s), 0 left on base; Allentown 9 - Richmond 9
BOTTOM OF THE 9TH
Richmond Flairs batting - Pitching for Allentown Hillbillies : RHP Dale Downs
Now at 2B: Bartolo López
Batting: LHB Roland Jones 0-0: Called Strike
0-1: Ball
1-1: Ball
2-1: Called Strike
2-2: Foul Ball, location: 2F
2-2: Ball
3-2: Base on Balls
Pitching: RHP Donald Sanford
Batting: RHB Elliott Johnston 0-0: TRIPLE (Flyball, 7D)
Roland Jones scores
Tuesday, August 8th, 2017 - OOTP Baseball 17.12 Build 75